 Dungeon Crawl Stone Soup version 0.27-a0-1322-gfdffb62a71 (webtiles) character file.

Game seed: 1887867075419227441

1678 ipx the Arsonist (level 8, -4/41 HPs)
             Began as a Deep Elf Fire Elementalist on June 22, 2021.
             Shot with an arrow by a centaur (10 damage)
             ... on level 6 of the Dungeon.
             The game lasted 00:41:56 (2569 turns).

ipx the Arsonist (Deep Elf Fire Elementalist)       Turns: 2569, Time: 00:41:57

Health: -4/41      AC:  7    Str:  5    XL:     8   Next: 70%
Magic:  8/14       EV: 13    Int: 23    God:
Gold:   282        SH:  0    Dex: 15    Spells: 5/13 levels left

rFire    . . .     SeeInvis .   B - wand of flame (6)
rCold    . . .     Faith    .   (no shield)
rNeg     . . .     Spirit   .   D - +0 troll leather armour
rPois    .         Reflect  .   (no helmet)
rElec    .         Harm     .   b - +0 cloak
rCorr    .         Rampage  .   C - +0 pair of gloves
Will     +....                  x - +0 pair of boots
Stlth    ++........             (no amulet)
HPRegen  1.13/turn              w - ring of willpower
MPRegen  0.14/turn              s - +4 ring of slaying

@: no status effects
A: no striking features
a: no special abilities


You were on level 6 of the Dungeon.
You visited 1 branch of the dungeon, and saw 6 of its levels.
You also visited: Sewer.

You collected 282 gold pieces.

Inventory:

Hand Weapons
 a - a +2 dagger of venom
 c - a +1 rapier of venom
Armour
 b - a +0 cloak (worn)
 x - a +0 pair of boots (worn)
 C - a +0 pair of gloves (worn)
 D - a +0 troll leather armour (worn)
Magical Staves
 y - a staff of earth
Jewellery
 s - a +4 ring of slaying (right hand)
 w - a ring of willpower (left hand)
 z - a ring of resist corrosion
Wands
 r - a wand of iceblast (5)
 B - a wand of flame (6) (in hand)
Scrolls
 d - a scroll of acquirement {unknown}
 f - a scroll of enchant weapon {unknown}
 h - 3 scrolls of teleportation
 j - 2 scrolls of vulnerability
 m - a scroll of enchant armour {unknown}
 o - a scroll of fog {unknown}
 p - a scroll of silence {unknown}
 q - a scroll of magic mapping {unknown}
 u - a scroll of fear {unknown}
 v - a scroll of immolation {unknown}
Potions
 e - a potion of attraction {unknown}
 i - 4 potions of brilliance
 k - a potion of might {unknown}
 l - 5 potions of curing
 n - 3 potions of heal wounds
 t - a potion of flight {unknown}
 A - a potion of lignification {unknown}


   Skills:
 + Level 6.0 Dodging
 + Level 4.0 Stealth
 + Level 3.0 Spellcasting
 - Level 8.0 Conjurations
 - Level 8.0 Fire Magic


You had 5 spell levels left.
You knew the following spells:

 Your Spells              Type           Power      Damage    Failure   Level
f - Conjure Flame         Conj/Fire      40%        6-21      2%          3
t - Sticky Flame          Conj/Fire      40%        2d6       7%          4
z - Foxfire               Conj/Fire      100%       2x1d9     1%          1

Your spell library contained the following spells:

 Spells                   Type           Power      Damage    Failure   Level
 Inner Flame              Hex/Fire       21%        N/A       11%         3
 Fireball                 Conj/Fire      20%        3d10      21%         5
 Confusing Touch          Hex            3%         N/A       50%         3
 Gell's Gravitas          Tloc           1%         N/A       50%         3
 Petrify                  Tmut/Erth      3%         N/A       88%         4
 Metabolic Englaciation   Hex/Ice        1%         N/A       99%         5
 Yara's Violent Unravell  Hex/Tmut       1%         3d3       99%         5


Dungeon Overview and Level Annotations

Branches:
Dungeon (6/15)              Sewer (visited)
 Temple: D:4-7

Altars:
Gozag
Kikubaaqudgha
Sif Muna
Trog
Wu Jian
The Shining One

Annotations:
D:4 Sigmund


Message History

You drop a +0 robe.
You start putting on your armour.
You continue putting on your +0 pair of gloves. x4
You finish putting on your +0 pair of gloves.
Okay, then.
You can't wield jewellery.
Your +2 dagger of venom stops dripping with poison.
B - a wand of flame (6) (in hand)
You swing at nothing.
You swing at nothing.
You swing at nothing.
You swing at nothing.
You swing at nothing.
You swing at nothing.
You swing at nothing.
You swing at nothing.
You swing at nothing.
You swing at nothing.
You swing at nothing.
You swing at nothing.
You swing at nothing.
You swing at nothing.
You swing at nothing.
Your armour attunes itself to your body as you begin to regenerate more quickly.
Things that are here:
a howler monkey corpse; an adder corpse You see here a troll corpse.
The centaur wields a +3 shortbow.
The centaur shoots an arrow.
The arrow hits you!
The centaur shoots an arrow.
The arrow hits you!
You see here a scorpion corpse.
The centaur shoots an arrow.
The arrow hits you!
The centaur shoots an arrow.
The arrow misses you.
You hear an angry hiss.
You see here a troll corpse.
The centaur shoots an arrow.
The arrow hits you!
* * * LOW HITPOINT WARNING * * *
Things that are here:
a howler monkey corpse; an adder corpse The centaur shoots an arrow.
The arrow hits you!
You die...

#.# ######....# #.#
#.........# #.# #.........#
#.# #.........# #.#
#.....##### #.# #.....# #.#
#.....# #.# #....[#
############
#.####....@#####...........
#..........††.†....#...#..c
###############..c#(#...#)#
#..#...#...#. #............
#....#...#. #...#$#...#
#..#...#... #.........


You could see a centaur.

Vanquished Creatures
  A troll (D:6)
  Eustachio (D:5)
  A water moccasin (D:5)
  A black bear (D:5)
  An ogre (D:4)
  A centaur (D:5)
  2 kobold brigands
  Blork the orc (D:5)
  2 scorpions
  A gnoll sergeant (D:6)
  2 howler monkeys
  A bullfrog zombie (D:6)
  A centaur zombie (D:3)
  A jelly (D:5)
  Ijyb (D:3)
  An orc wizard (D:6)
  An iguana (D:4)
  A hound skeleton (D:4)
  3 gnolls (D:6)
  10 adders
  7 river rats (Sewer)
  2 shadow imps (D:6)
  A worm (D:2)
  6 orcs
  8 bats
  4 endoplasms
  6 giant cockroaches
  4 hobgoblins
  11 jackals
  2 quokkas
  11 ball pythons
  2 frilled lizards
  4 goblins
  24 kobolds
  20 rats
146 creatures vanquished.

Vanquished Creatures (others)
  450 foxfires
450 creatures vanquished.

Grand Total: 596 creatures vanquished

Notes
Turn   | Place    | Note
-------+----------+-------------------------------------------
     0 | D:1      | ipx the Deep Elf Fire Elementalist began the quest for the
                  | Orb.
     0 | D:1      | Reached XP level 1. HP: 10/10 MP: 6/6
    93 | D:1      | Reached XP level 2. HP: 15/15 MP: 1/8
   400 | D:2      | Reached XP level 3. HP: 19/19 MP: 4/9
   404 | D:2      | Learned a level 3 spell: Conjure Flame
   580 | D:2      | Found an opulent altar of Gozag.
   662 | D:3      | Found a glowing drain.
   720 | D:3      | Reached XP level 4. HP: 18/24 MP: 4/10
   728 | Sewer    | Entered a sewer
   734 | Sewer    | Learned a level 4 spell: Sticky Flame
   931 | Sewer    | Reached XP level 5. HP: 28/28 MP: 0/11
  1167 | Sewer    | Reached skill level 5 in Fire Magic
  1167 | Sewer    | Reached XP level 6. HP: 32/32 MP: 2/12
  1240 | D:3      | Noticed Ijyb
  1252 | D:3      | Killed Ijyb
  1432 | D:3      | Reached skill level 5 in Conjurations
  1442 | D:3      | Found an ancient bone altar of Kikubaaqudgha.
  1641 | D:4      | Noticed Sigmund
  1753 | D:5      | Entered Level 5 of the Dungeon
  1753 | D:5      | Noticed Eustachio
  1879 | D:5      | Found a glowing golden altar of the Shining One.
  1932 | D:5      | Found a shimmering blue altar of Sif Muna.
  1943 | D:5      | Found an ornate altar of the Wu Jian Council.
  1959 | D:5      | Reached XP level 7. HP: 36/36 MP: 4/13
  1961 | D:5      | Found a bloodstained altar of Trog.
  1990 | D:5      | Noticed Blork the orc
  2011 | D:5      | Killed Eustachio
  2134 | D:5      | Reached XP level 8. HP: 34/41 MP: 9/14
  2180 | D:5      | Killed Blork the orc
  2487 | D:6      | Noticed a troll
  2517 | D:6      | Killed a troll
  2518 | D:6      | Reached skill level 5 in Dodging
  2569 | D:6      | Shot with an arrow by a centaur

Illustrated notes

Levels and vault maps discovered:
D:1:      dpeg_arrival_arbitrary_a, layout_basic
D:2:      layout_rooms, basic_altar
D:3:      layout_basic, old_standard_altar, portal_sewer_entry_f, uniq_ijyb
D:4:      layout_cave_pools, chequers_serial_rivers_micro_e, uniq_sigmund
D:5:      minmay_diamond_boxcup, layout_layer_cave,
          nicolae_overflow_quartered_altars,
          minmay_temple_entry_statues_pillars, minmay_misc_feat_four_crosses,
          uniq_blork_the_orc, uniq_eustachio
D:6:      cheibrodos_fzero, layout_basic

Skill      XL: |  1  2  3  4  5  6  7  8 |
---------------+-------------------------+-----
Conjurations   | 2 3 4 6 7 8 |  8.0
Fire Magic     | 4 5 6 7 8 |  8.0
Stealth        | 3 4 |  4.0
Dodging        | 6 |  6.0
Spellcasting   | |  3.0

Action                   |  1- 3 |  4- 6 |  7- 9 || total
-------------------------+-------+-------+-------++-------
Melee: Dagger            |       |     9 |     3 ||    12
Throw: Dart              |       |       |     2 ||     2
 Cast: Foxfire           |    75 |   121 |    67 ||   263
       Sticky Flame      |       |     1 |     4 ||     5
       Conjure Flame     |       |     1 |     2 ||     3
Evoke: Wand              |       |       |    19 ||    19
  Use: Scroll            |       |     4 |     1 ||     5
       Potion            |       |     2 |     2 ||     4
 Stab: Sleeping          |       |     1 |       ||     1
Armor: Robe              |     4 |     3 |     1 ||     8
Dodge: Dodged            |     7 |    10 |     9 ||    26

Table legend: (Time is in decaauts)
 A = Elapsed time spent in this place.
 B = Non-inter-level travel time spent in this place.
 C = Inter-level travel time spent in this place.
 D = Time resting spent in this place.
 E = Time spent auto-exploring this place.
 F = Levels seen in this place.
 G = Mean time per level.
                   A        B        C        D        E       F      G
               +--------+--------+--------+--------+--------+-----+--------+
         Total |   2645 |   2603 |     42 |      0 |      0 |   7 |  377.9 |
       Dungeon |   2083 |   2041 |     42 |      0 |      0 |   6 |  347.2 |
         Sewer |    562 |    562 |      0 |      0 |      0 |   1 |  562.0 |
               +--------+--------+--------+--------+--------+-----+--------+

Top non-repeatable levels by time:
   Sewer: 562 daAuts
     D:5: 422 daAuts
     D:2: 363 daAuts
     D:3: 351 daAuts
     D:4: 330 daAuts
     D:6: 311 daAuts
     D:1: 304 daAuts
